 Dungeon Crawl Stone Soup version 0.30.1-9-gdf580d7c3d (webtiles) character file.

Game seed: 883745591181996490

375 lonewolfV2 the Shield-Bearer (level 7, -2/54 HPs)
             Began as a Formicid Fighter on Oct 12, 2023.
             Slain by an orc
             ... wielding a +0 club
              (4 damage)
             ... on level 4 of the Dungeon.
             The game lasted 00:05:19 (3023 turns).

lonewolfV2 the Shield-Bearer (Formicid Fighter)     Turns: 3023, Time: 00:05:19

Health: -2/54      AC:  7    Str: 20    XL:     7   Next: 3%
Magic:  7/7        EV:  9    Int:  8    God:
Gold:   150        SH:  6    Dex: 15    Spells: 6/6 levels left

rFire   . . .        a - +1 war axe (venom)
rCold   . . .        c - +1 buckler
rNeg    . . .        b - +0 scale mail
rPois   .            (helmet unavailable)
rElec   .            (no cloak)
rCorr   .            (no gloves)
SInv    +            (no boots)
Will    .....        o - amulet of the acrobat Stlth
                     (no ring)
HPRegen 0.29/turn    (no ring)
MPRegen 0.10/turn

%: acrobat
@: no status effects
A: permanent stasis, dig shafts and tunnels, antennae 3, four strong arms
a: Dig, Shaft Self


You were on level 4 of the Dungeon.
You visited 1 branch of the dungeon, and saw 4 of its levels.

You collected 150 gold pieces.

Inventory:

Hand Weapons
 a - a +1 war axe of venom (weapon)
Armour
 b - a +0 scale mail (worn)
 c - a +1 buckler (worn)
Jewellery
 l - a ring of positive energy
 o - an amulet of the acrobat (around neck)
Wands
 m - a wand of light (5)
Scrolls
 e - a scroll of fog
 g - a scroll of enchant weapon
 i - 2 scrolls of identify
 j - a scroll of silence
 k - a scroll of teleportation
 n - 2 scrolls of magic mapping {unknown}
Potions
 d - a potion of might
 f - 2 potions of heal wounds
 h - a potion of brilliance
 p - a potion of flight {unknown}
 q - a potion of curing {unknown}


   Skills:
 + Level 4.1 Fighting
 + Level 4.6 Axes
 + Level 4.7 Armour
 + Level 1.0 Dodging
 + Level 0.9 Stealth
 + Level 5.4 Shields


You had 6 spell levels left.
You didn't know any spells.
Your spell library contained the following spells:

 Spells                   Type           Power      Damage    Failure   Level
 Poisonous Vapours        Pois/Air       0%         N/A       91%         2
 Mephitic Cloud           Conj/Pois/Air  0%         N/A       99%         3
 Freezing Cloud           Conj/Ice/Air   0%         6-21      100%        5


Dungeon Overview and Level Annotations

Branches:
Dungeon (4/15)
 Temple: D:4-7

Altars:


Innate Abilities, Weirdness & Mutations

You cannot be hasted, slowed, berserked, paralysed or teleported.
You can dig through walls and to a lower floor.
You have a pair of large antennae on your head. (SInv)
Your four strong arms can wield two-handed weapons with a shield.


Message History

You kill the orc!
You hit the orc.
The orc is poisoned.
The orc is severely wounded.
You kill the orc!
Your Dodging skill increases to level 1!
You closely miss the orc. The orc closely misses you.
You block the orc's attack.
The orc priest looks braver for a moment.
You slash the orc!
You kill the orc!
Unknown command.
You slash the orc priest!
The orc priest is poisoned.
The orc priest is heavily wounded.
The orc priest mumbles some strange prayers to Beogh against you.
Pain shoots through your body!
You barely miss the orc priest.
The orc priest is severely wounded.
An orc comes into view. It is wielding a +0 club.
The orc priest mumbles some strange prayers to Beogh against you.
Beogh smites you!
* * * LOW HITPOINT WARNING * * *
The orc priest completely misses you.
You closely miss the orc priest.
The orc priest is almost dead.
The orc priest looks encouraged for a moment.
You closely miss the orc priest.
The orc priest is almost dead.
The orc misses you.
The orc priest invokes the aid of Beogh against you.
Beogh smites you!
* * * LOW HITPOINT WARNING * * *
Items here: ))) [.
You completely miss the orc. You slash the orc priest!
You kill the orc priest!
The orc hits you but does no damage. The orc hits you with a +0 club.
* * * LOW HITPOINT WARNING * * *
You have reached level 7!
You barely miss the orc. The orc barely misses you.
You closely miss the orc. The orc hits you with a +0 club.
You die...

##.~~~.~#≈.~.
##~.~~~...~.
#≈~~#~.~..~
#~..#~~...~
##~.# ≈ ##.#
#.# #)####.##
#.@o....#
#####...# ...
.


You could see an orc.

Vanquished Creatures
  An ogre (D:4)
  An orc priest (D:4)
  2 iguanas
  2 orc wizards (D:3)
  3 gnolls (D:3)
  6 adders
  2 worms (D:2)
  2 dart slugs
  7 orcs
  4 ball pythons (D:1)
  8 endoplasms
  2 giant cockroaches
  6 goblins
  3 hobgoblins
  2 quokkas
  5 bats
  2 frilled lizards (D:3)
  8 kobolds
  5 rats
71 creatures vanquished.

Notes
Turn   | Place    | Note
-------+----------+-------------------------------------------
     0 | D:1      | lonewolfV2 the Formicid Fighter began the quest for the
                  | Orb.
     0 | D:1      | Reached XP level 1. HP: 18/18 MP: 1/1
   190 | D:1      | Reached XP level 2. HP: 24/24 MP: 2/2
   462 | D:1      | Reached XP level 3. HP: 24/29 MP: 3/3
  1213 | D:2      | Reached XP level 4. HP: 27/37 MP: 4/4
  2014 | D:3      | Reached skill level 5 in Shields
  2014 | D:3      | Reached XP level 5. HP: 21/42 MP: 5/5
  2464 | D:3      | Reached XP level 6. HP: 48/48 MP: 6/6
  2900 | D:4      | Noticed an ogre
  2906 | D:4      | Killed an ogre
  3014 | D:4      | Reached skill level 1 in Dodging
  3020 | D:4      | HP: 2/48 [orc priest/divine providence (10)]
  3022 | D:4      | Reached XP level 7. HP: 1/54 MP: 7/7
  3023 | D:4      | Slain by an orc

Illustrated notes

Levels and vault maps discovered:
D:1:      dpeg_arrival_renting, layout_loops_ring
D:2:      layout_basic
D:3:      layout_rooms, chequers_jeans
D:4:      layout_loops_ring, chequers_serial_rivers_marsh, minivault_26

Skill      XL: |  1  2  3  4  5  6 |
---------------+-------------------+-----
Axes           | 3 4 |  4.6
Shields        | 5 |  5.4
Armour         | 4 |  4.7
Fighting       | 4 |  4.1
Dodging        | 1 |  1.0
Stealth        | |  0.9

Action                     |  1- 3 |  4- 6 |  7- 9 || total
---------------------------+-------+-------+-------++-------
  Melee: War axe           |    73 |   120 |     2 ||   195
Ability: Dig               |     1 |       |       ||     1
    Use: Scroll            |       |    13 |       ||    13
 Armour: Scale mail        |    45 |    53 |       ||    98
  Dodge: Dodged            |    33 |    86 |     1 ||   120
  Block: Buckler           |    20 |    47 |       ||    67
